MLB
PITTSBURGH PIRATES @ CHICAGO WHITE SOX
07/14/2044
 
TOP OF THE 1ST
Pittsburgh Pirates batting - Pitching for Chicago White Sox : LHP Felix Bernal
Pitching: LHP Felix Bernal
Batting: RHB Eisse Bravenboer 0-0: Ball
1-0: Foul Ball, location: 2F
1-1: Bunt for hit to 2L - play at first, batter OUT! 2-3
Batting: RHB Jeckel Hester 0-0: Ball
1-0: Foul Ball, location: 2F
1-1: Fly out, F8 (Line Drive, 8LD, EV 103.8 MPH)
Batting: SHB Marvin McAleer 0-0: Called Strike
0-1: Swinging Strike
0-2: Ball
1-2: Ball
2-2: Strikes out looking
Top of the 1st over - 0 runs, 0 hits, 0 errors, 0 left on base; Pittsburgh 0 - Chicago 0
BOTTOM OF THE 1ST
Chicago White Sox batting - Pitching for Pittsburgh Pirates : RHP Chris Lincecum II
Pitching: RHP Chris Lincecum II
Batting: LHB Antonio Figueroa 0-0: Ball
1-0: Called Strike
1-1: SINGLE (Groundball, 6MD, EV 98.8 MPH)
Batting: SHB Cesar Herrera 0-0: Called Strike
0-1: Ball
1-1: Ball
2-1: Fly out, F7 (Line Drive, 7, EV 91.3 MPH)
Batting: LHB Randy Rosenberry 0-0: Called Strike
0-1: Foul Ball, location: 2F
0-2: SINGLE (Groundball, 34D, EV 96.3 MPH)
Antonio Figueroa to second
Antonio Figueroa to third
Batting: RHB Joseph Disepolo 0-0: SINGLE (Line Drive, 9LS, EV 99.4 MPH)
Antonio Figueroa scores
Randy Rosenberry to second
Runner from 2nd tries for 3rd, SAFE, no throw by RF
Batting: LHB Jack Christie 0-0: SINGLE (Flyball, 56D, EV 85.6 MPH)
Randy Rosenberry scores
Joseph Disepolo to second
Batting: LHB Juan Concepcion 0-0: Foul Ball, location: 2F
0-1: Ball
Joseph Disepolo steals 3rd base
Jack Christie to second
1-1: Ball
2-1: Fly out, F2 (Popup, 2RF, EV 92.5 MPH)
Batting: LHB Brian Feher 0-0: Called Strike
0-1: SINGLE (Groundball, 6MD, EV 101.3 MPH)
Joseph Disepolo scores
Jack Christie to third
Runner from 3rd tries for Home, SAFE, throw by CF to home
Batting: RHB Rocky Campbell 0-0: Ball
1-0: Foul Ball, location: 2F
1-1: Called Strike
1-2: Ball
2-2: Strikes out swinging
Bottom of the 1st over - 4 runs, 5 hits, 0 errors, 1 left on base; Pittsburgh 0 - Chicago 4
TOP OF THE 2ND
Pittsburgh Pirates batting - Pitching for Chicago White Sox : LHP Felix Bernal
Batting: RHB Steve Jordan 0-0: Called Strike
0-1: Called Strike
0-2: Ball
1-2: Ball
2-2: Ball
3-2: SINGLE (Flyball, 7S, EV 86.3 MPH)
Batting: RHB Vincent Poopwell 0-0: Ball
Wild Pitch!
Steve Jordan to second
1-0: SINGLE (Groundball, 56D, EV 102.5 MPH)
Steve Jordan to third
Batting: RHB Tommie Eaton 0-0: Swinging Strike
0-1: Fly out, F8 (Line Drive, 8RM, EV 99.4 MPH)
Batting: RHB Raul Mendoza 0-0: Ball
1-0: Called Strike
Vincent Poopwell steals 2nd base (no throw)
1-1: Called Strike
1-2: Ball
2-2: Strikes out swinging
Batting: RHB Andrew Robinson 0-0: Called Strike
0-1: 3-RUN HOME RUN (Line Drive, 7D, EV 98.1 MPH), Distance : 378 ft
Batting: RHB Mike Thornton 0-0: Ball
1-0: Called Strike
1-1: Ground out 4-3 (Groundball, 4, EV 83.1 MPH)
Top of the 2nd over - 3 runs, 3 hits, 0 errors, 0 left on base; Pittsburgh 3 - Chicago 4
BOTTOM OF THE 2ND
Chicago White Sox batting - Pitching for Pittsburgh Pirates : RHP Chris Lincecum II
Batting: RHB Leo Navarro 0-0: Called Strike
0-1: Ball
1-1: Foul Ball, location: 2F
1-2: Strikes out swinging, 2-3 out at first.
Batting: LHB Antonio Figueroa 0-0: Called Strike
0-1: Ground out U3 (Groundball, 3, EV 106.3 MPH)
Batting: SHB Cesar Herrera 0-0: Fly out, F8 (Line Drive, 8RD, EV 101.3 MPH)
Bottom of the 2nd over - 0 runs, 0 hits, 0 errors, 0 left on base; Pittsburgh 3 - Chicago 4
TOP OF THE 3RD
Pittsburgh Pirates batting - Pitching for Chicago White Sox : LHP Felix Bernal
Batting: RHB Eisse Bravenboer 0-0: Ball
1-0: Called Strike
1-1: Called Strike
1-2: SINGLE (Groundball, 3S, EV 71.3 MPH) (infield hit)
Batting: RHB Jeckel Hester 0-0: Ball
Eisse Bravenboer steals 2nd base
1-0: Ball
Eisse Bravenboer steals 3rd base
2-0: 2-RUN HOME RUN (Flyball, 7LD, EV 93.8 MPH), Distance : 348 ft
Batting: SHB Marvin McAleer 0-0: Called Strike
0-1: Ball
1-1: Called Strike
1-2: Foul Ball, location: 2F
1-2: Strikes out looking
Batting: RHB Steve Jordan 0-0: Fly out, F8 (Flyball, 8RD, EV 90.6 MPH)
Batting: RHB Vincent Poopwell 0-0: Foul Ball, location: 2F
0-1: Swinging Strike
0-2: Foul Ball, location: 2F
0-2: Fly out, F9 (Flyball, 9S, EV 88.8 MPH)
Top of the 3rd over - 2 runs, 2 hits, 0 errors, 0 left on base; Pittsburgh 5 - Chicago 4
BOTTOM OF THE 3RD
Chicago White Sox batting - Pitching for Pittsburgh Pirates : RHP Chris Lincecum II
Batting: LHB Randy Rosenberry 0-0: Swinging Strike
0-1: Foul Ball, location: 2F
0-2: Ground out 4-3 (Groundball, 4, EV 101.9 MPH)
Batting: RHB Joseph Disepolo 0-0: Ball
1-0: Called Strike
1-1: Foul Ball, location: 2F
1-2: Strikes out swinging
Batting: LHB Jack Christie 0-0: Ball
1-0: Called Strike
1-1: Ball
2-1: Ground out 6-3 (Groundball, 6, EV 91.9 MPH)
Bottom of the 3rd over - 0 runs, 0 hits, 0 errors, 0 left on base; Pittsburgh 5 - Chicago 4
TOP OF THE 4TH
Pittsburgh Pirates batting - Pitching for Chicago White Sox : LHP Felix Bernal
Batting: RHB Tommie Eaton 0-0: SOLO HOME RUN (Flyball, 7D, EV 95.6 MPH), Distance : 374 ft
Batting: RHB Raul Mendoza 0-0: SOLO HOME RUN (Flyball, 7LD, EV 94.4 MPH), Distance : 351 ft
Pitching: RHP Jeremy Fraraccio
Batting: RHB Andrew Robinson 0-0: Foul Ball, location: 2F
0-1: Ball
1-1: Foul Ball, location: 2F
1-2: Foul Ball, location: 2F
1-2: Foul Ball, location: 2F
1-2: Foul Ball, location: 2F
1-2: Ball
2-2: Fly out, F3 (Popup, 3SF, EV 81.9 MPH)
Batting: RHB Mike Thornton 0-0: Ball
1-0: Ball
2-0: SOLO HOME RUN (Flyball, 7D, EV 96.3 MPH), Distance : 377 ft
Batting: RHB Eisse Bravenboer 0-0: Ball
1-0: Fly out, F8 (Flyball, 8RS, EV 82.5 MPH)
Batting: RHB Jeckel Hester 0-0: Called Strike
0-1: Swinging Strike
0-2: Ball
1-2: Ball
2-2: Foul Ball, location: 2F
2-2: Ball
3-2: Foul Ball, location: 2F
3-2: Foul Ball, location: 2F
3-2: Ground out U3 (Groundball, 3, EV 82.5 MPH)
Top of the 4th over - 3 runs, 3 hits, 0 errors, 0 left on base; Pittsburgh 8 - Chicago 4
BOTTOM OF THE 4TH
Chicago White Sox batting - Pitching for Pittsburgh Pirates : RHP Chris Lincecum II
Batting: LHB Juan Concepcion 0-0: Ball
1-0: Ball
2-0: Ball
3-0: Base on Balls
Batting: LHB Brian Feher 0-0: Ball
1-0: Ground out U3 (Groundball, 34S, EV 66.9 MPH)
Juan Concepcion to second
Batting: RHB Rocky Campbell 0-0: Ground out 6-3 (Groundball, 6, EV 86.3 MPH)
Juan Concepcion to third
Batting: RHB Leo Navarro 0-0: Swinging Strike
0-1: Ball
1-1: Called Strike
1-2: Strikes out swinging
Bottom of the 4th over - 0 runs, 0 hits, 0 errors, 1 left on base; Pittsburgh 8 - Chicago 4
TOP OF THE 5TH
Pittsburgh Pirates batting - Pitching for Chicago White Sox : RHP Jeremy Fraraccio
Batting: SHB Marvin McAleer 0-0: Called Strike
0-1: Ball
1-1: Swinging Strike
1-2: Fly out, F8 (Flyball, 8RM, EV 90.6 MPH)
Batting: RHB Steve Jordan 0-0: Ball
1-0: Ball
2-0: Ball
3-0: Base on Balls
Batting: RHB Vincent Poopwell 0-0: Called Strike
0-1: Called Strike
Steve Jordan steals 2nd base
0-2: Ground out 4-3 (Groundball, 4, EV 106.9 MPH)
Steve Jordan to third
Batting: RHB Tommie Eaton 0-0: Ball
1-0: Foul Ball, location: 2F
1-1: Ground out 4-3 (Groundball, 13, EV 87.5 MPH)
Top of the 5th over - 0 runs, 0 hits, 0 errors, 1 left on base; Pittsburgh 8 - Chicago 4
BOTTOM OF THE 5TH
Chicago White Sox batting - Pitching for Pittsburgh Pirates : RHP Chris Lincecum II
Batting: LHB Antonio Figueroa 0-0: Foul Ball, location: 2F
0-1: Ball
1-1: Ground out 4-3 (Groundball, 4, EV 88.1 MPH)
Batting: SHB Cesar Herrera 0-0: Ball
1-0: Swinging Strike
1-1: Ball
2-1: Swinging Strike
2-2: Fly out, F7 (Flyball, 7LM, EV 82.5 MPH)
Batting: LHB Randy Rosenberry 0-0: Foul Ball, location: 2F
0-1: Foul Ball, location: 2F
0-2: Ground out U3 (Groundball, 34, EV 88.1 MPH)
Bottom of the 5th over - 0 runs, 0 hits, 0 errors, 0 left on base; Pittsburgh 8 - Chicago 4
TOP OF THE 6TH
Pittsburgh Pirates batting - Pitching for Chicago White Sox : RHP Jeremy Fraraccio
Batting: RHB Raul Mendoza 0-0: Ground out 6-3 (Groundball, 6, EV 97.5 MPH)
Batting: RHB Andrew Robinson 0-0: Called Strike
0-1: Swinging Strike
0-2: Ground out 5-3 (Groundball, 5S, EV 65.6 MPH)
Batting: RHB Mike Thornton 0-0: Ball
1-0: Called Strike
1-1: SINGLE (Groundball, 6MD, EV 100.0 MPH)
Pitching: RHP Stanislav Mamatsev
Batting: RHB Eisse Bravenboer 0-0: Foul Ball, location: 2F
0-1: Swinging Strike
0-2: Foul Ball, location: 2F
0-2: Ball
1-2: Ball
2-2: Ball
3-2: DOUBLE (Groundball, 3L, EV 103.1 MPH)
Mike Thornton to third
Mike Thornton scores
Batting: RHB Jeckel Hester 0-0: Ball
1-0: Foul Ball, location: 2F
1-1: SINGLE (Flyball, 34D, EV 96.9 MPH)
Eisse Bravenboer to third
Runner from 3rd tries for Home, throw by RF and OUT! 9-2
Top of the 6th over - 1 run, 3 hits, 0 errors, 1 left on base; Pittsburgh 9 - Chicago 4
BOTTOM OF THE 6TH
Chicago White Sox batting - Pitching for Pittsburgh Pirates : RHP Chris Lincecum II
Batting: RHB Joseph Disepolo 0-0: Called Strike
0-1: Called Strike
0-2: Foul Ball, location: 2F
0-2: Ground out 1-3 (Groundball, P, EV 75.0 MPH)
Batting: LHB Jack Christie 0-0: Ball
1-0: Foul Ball, location: 2F
1-1: Ball
2-1: SINGLE (Groundball, 34D, EV 103.8 MPH) (infield hit)
Batting: LHB Juan Concepcion 0-0: Ball
1-0: Ball
2-0: Foul Ball, location: 2F
2-1: Fly out, F7 (Flyball, 78M, EV 75.6 MPH)
Batting: LHB Brian Feher 0-0: SINGLE (Line Drive, 7LS, EV 105.6 MPH)
Jack Christie to second
Batting: RHB Rocky Campbell 0-0: Ball
1-0: Ball
2-0: Ball
3-0: Base on Balls
Jack Christie to third
Brian Feher to second
Batting: RHB Leo Navarro 0-0: Called Strike
0-1: Ball
1-1: SINGLE (Groundball, 56D, EV 97.5 MPH)
Jack Christie scores
Brian Feher to third
Rocky Campbell to second
Runner from 3rd tries for Home, SAFE, throw by LF to home
Pitching: LHP Matt Huston
Pinch Hitting: RHB Jason Moss 0-0: Ball
1-0: Swinging Strike
1-1: Foul Ball, location: 2F
1-2: DOUBLE (Flyball, 89D, EV 100.0 MPH)
Rocky Campbell scores
Leo Navarro to third
Runner from 3rd tries for Home, SAFE, no throw by CF
Batting: SHB Cesar Herrera 0-0: Ball
1-0: Ball
2-0: Foul Ball, location: 2F
2-1: Ball
3-1: SINGLE (Flyball, 8RS, EV 83.8 MPH)
Jason Moss to third
Runner from 3rd tries for Home, SAFE, throw by CF to home
Batting: LHB Randy Rosenberry 0-0: Ball
Cesar Herrera steals 2nd base
1-0: Ball
2-0: Ball
3-0: Called Strike
3-1: Fly out, F8 (Flyball, 8LM, EV 90.0 MPH)
Bottom of the 6th over - 5 runs, 5 hits, 0 errors, 1 left on base; Pittsburgh 9 - Chicago 9
TOP OF THE 7TH
Pittsburgh Pirates batting - Pitching for Chicago White Sox : RHP Stanislav Mamatsev
Now at 2B: Steve Castleberry
Batting: SHB Marvin McAleer 0-0: Ball
1-0: Foul Ball, location: 2F
1-1: Ball
2-1: Ball
3-1: Called Strike
3-2: Foul Ball, location: 2F
3-2: Base on Balls
Batting: RHB Steve Jordan Pickoff Throw to First - Error! E1
Marvin McAleer to second
0-0: Ball
1-0: Foul Ball, location: 2F
1-1: Swinging Strike
1-2: Strikes out swinging
Batting: RHB Vincent Poopwell 0-0: Intentional Walk
Batting: RHB Tommie Eaton 0-0: Called Strike
0-1: Foul Ball, location: 2F
0-2: Foul Ball, location: 2F
0-2: Foul Ball, location: 2F
0-2: Ball
1-2: Fly out, F9 (Line Drive, 9, EV 93.1 MPH)
Batting: RHB Raul Mendoza 0-0: Foul Ball, location: 2F
0-1: Foul Ball, location: 2F
0-2: Strikes out swinging
Top of the 7th over - 0 runs, 0 hits, 1 error, 2 left on base; Pittsburgh 9 - Chicago 9
BOTTOM OF THE 7TH
Chicago White Sox batting - Pitching for Pittsburgh Pirates : LHP Matt Huston
Batting: RHB Joseph Disepolo 0-0: Fly out, F8 (Line Drive, 8LD, EV 86.3 MPH)
Batting: LHB Jack Christie 0-0: Ball
1-0: Swinging Strike
1-1: Ball
2-1: Ball
3-1: Called Strike
3-2: Foul Ball, location: 2F
3-2: Base on Balls
Batting: LHB Juan Concepcion 0-0: Called Strike
0-1: Ball
1-1: Ball
2-1: Called Strike
2-2: SINGLE (Groundball, 4D, EV 105.6 MPH)
Jack Christie to second
Batting: LHB Brian Feher 0-0: Ball
1-0: Called Strike
1-1: Ball
2-1: SINGLE (Groundball, 13S, EV 63.1 MPH) (infield hit)
Jack Christie to third
Juan Concepcion to second
Batting: RHB Rocky Campbell 0-0: Called Strike
0-1: Ball
1-1: Ball
2-1: Ball
3-1: Foul Ball, location: 2F
3-2: Grounds into fielders choice 4-2 (Groundball, 34, EV 80.6 MPH)
Juan Concepcion to third
Brian Feher to second
Batting: RHB Leo Navarro 0-0: Ball
1-0: Ball
2-0: Called Strike
2-1: Called Strike
2-2: Ball
3-2: Foul Ball, location: 2F
3-2: Base on Balls
Juan Concepcion scores
Brian Feher to third
Rocky Campbell to second
Pitching: LHP Tim Wichman
Batting: RHB Steve Castleberry 0-0: Ball
1-0: Ball
2-0: SINGLE (Flyball, 6D, EV 86.9 MPH)
Brian Feher scores
Rocky Campbell to third
Leo Navarro to second
Runner from 3rd tries for Home, SAFE, throw by LF to home
Batting: SHB Cesar Herrera 0-0: Ball
1-0: Ball
2-0: Ball
3-0: Swinging Strike
3-1: Base on Balls
Leo Navarro to third
Steve Castleberry to second
Batting: LHB Randy Rosenberry 0-0: Called Strike
0-1: Ball
1-1: Ball
2-1: Ball
3-1: TRIPLE (Line Drive, 9D, EV 97.5 MPH)
Leo Navarro scores
Steve Castleberry scores
Cesar Herrera scores
Batting: RHB Joseph Disepolo 0-0: Foul Ball, location: 2F
0-1: Foul Ball, location: 2F
0-2: Ball
1-2: DOUBLE (Line Drive, 78D, EV 107.5 MPH)
Randy Rosenberry scores
Pitching: LHP Jason Salzer
Batting: LHB Jack Christie 0-0: Foul Ball, location: 2F
0-1: Called Strike
0-2: Ball
1-2: Ball
2-2: Ball
Wild Pitch!
Joseph Disepolo to third
3-2: Strikes out swinging
Bottom of the 7th over - 7 runs, 5 hits, 0 errors, 1 left on base; Pittsburgh 9 - Chicago 16
TOP OF THE 8TH
Pittsburgh Pirates batting - Pitching for Chicago White Sox : RHP Stanislav Mamatsev
Batting: RHB Andrew Robinson 0-0: Ball
1-0: Ball
2-0: Ball
3-0: Called Strike
3-1: Ground out 6-3 (Groundball, 6, EV 91.3 MPH)
Pitching: RHP Jerry JimAnez
Batting: RHB Mike Thornton 0-0: Called Strike
0-1: Swinging Strike
0-2: Foul Ball, location: 2F
0-2: Strikes out swinging
Batting: RHB Eisse Bravenboer 0-0: Swinging Strike
0-1: Ball
1-1: Ball
2-1: Called Strike
2-2: Ball
3-2: Ground out 5-3 (Groundball, 5L, EV 105.6 MPH)
Top of the 8th over - 0 runs, 0 hits, 0 errors, 0 left on base; Pittsburgh 9 - Chicago 16
BOTTOM OF THE 8TH
Chicago White Sox batting - Pitching for Pittsburgh Pirates : LHP Jason Salzer
Batting: LHB Juan Concepcion 0-0: Ball
1-0: Swinging Strike
1-1: Fly out, F9 (Flyball, 9D, EV 81.9 MPH)
Batting: LHB Brian Feher 0-0: Ball
1-0: Swinging Strike
1-1: Ball
2-1: Ball
3-1: Fly out, F8 (Flyball, 8LXD, EV 93.1 MPH)
Batting: RHB Rocky Campbell 0-0: Swinging Strike
0-1: SINGLE (Line Drive, 34D, EV 97.5 MPH)
Batting: RHB Leo Navarro 0-0: Called Strike
0-1: Ball
1-1: Ball
2-1: Foul Ball, location: 2F
2-2: Ball
Rocky Campbell steals 2nd base (no throw)
3-2: Base on Balls
Batting: RHB Steve Castleberry 0-0: Ball
Leo Navarro is caught stealing 2nd base 2-4
Rocky Campbell steals 3rd base
Bottom of the 8th over - 0 runs, 1 hit, 0 errors, 1 left on base; Pittsburgh 9 - Chicago 16
TOP OF THE 9TH
Pittsburgh Pirates batting - Pitching for Chicago White Sox : RHP Jerry JimAnez
Batting: RHB Jeckel Hester 0-0: Ball
1-0: Ball
2-0: Ball
3-0: Called Strike
3-1: Called Strike
3-2: Strikes out looking
Batting: SHB Marvin McAleer 0-0: Called Strike
0-1: SINGLE (Line Drive, 7LS, EV 101.3 MPH)
Batting: RHB Steve Jordan 0-0: Called Strike
0-1: Ball
1-1: Grounds into double play, 6-4-3 (Groundball, 6, EV 88.1 MPH)
Top of the 9th over - 0 runs, 1 hit, 0 errors, 0 left on base; Pittsburgh 9 - Chicago 16
Thursday, March 31st , 2022 - OOTP Baseball 22.12 Build 89